 Dungeon Crawl Stone Soup version 0.19.4-9-g45fd643 (webtiles) character file.

15609 TryAgain the Protected (level 12, -24/80 HPs)
             Began as a Gargoyle Fighter on Feb 15, 2017.
             Was an Elder of the Shining One.
             Killed from afar by an ice dragon (49 damage)
             ... with a blast of cold
             ... in an ice cave.
             The game lasted 00:55:02 (9399 turns).

TryAgain the Protected (Gargoyle Fighter)           Turns: 9399, Time: 00:55:02

Health: -24/80     AC: 38    Str: 20    XL:     12   Next: 28%
Magic:  12/12      EV: 10    Int: 10    God:    the Shining One [****..]
Gold:   950        SH: 12    Dex: 13    Spells: 0 memorised, 11 levels left

rFire  . . .     SeeInvis .     U - +6 flail (protect)
rCold  . . .     Gourm    .     E - +0 chain mail
rNeg   + + +     Faith    .     c - +0 shield
rPois  ∞         Spirit   .     S - +0 hat
rElec  +         Reflect  .     n - +2 cloak {MR+}
rCorr  .         Harm     +     y - +2 pair of gloves
MR     +....                    H - +2 pair of boots
Stlth  ..........               p - amulet of harm
                                o - ring of positive energy
                                (no ring)

@: protection aura, glowing
A: negative energy resistance 1, electricity resistance, unbreathing,
petrification resistance, rot immunity, AC +8
a: Divine Shield, Cleansing Flame, Renounce Religion


You were in an ice cave.
You worshipped the Shining One.
The Shining One was greatly pleased with you.
You were not hungry.

You visited 3 branches of the dungeon, and saw 11 of its levels.
You also visited: Ice Cave.

You collected 950 gold pieces.

Inventory:

Hand Weapons
 R - a +1 arbalest of freezing
 U - a +6 flail of protection (weapon)
Armour
 a - a +0 large shield
 c - a +0 shield (worn)
 n - a +2 cloak of magic resistance (worn)
 y - a +2 pair of gloves (worn)
 E - a +0 chain mail (worn)
 H - a +2 pair of boots (worn)
 Q - a +0 plate armour
 S - a +0 hat (worn)
Jewellery
 e - an uncursed ring of resist corrosion
 j - a +3 ring of evasion
 m - a +3 ring of intelligence
 o - a ring of positive energy (right hand)
 p - an amulet of harm (around neck)
 C - an uncursed ring of ice
 F - a +1 ring of evasion
 G - an uncursed amulet of regeneration
 K - an uncursed amulet of magic regeneration {unknown}
 O - an uncursed ring of see invisible
 X - an uncursed amulet of the gourmand {unknown}
Wands
 b - a wand of disintegration (0/24)
 d - a wand of slowing (10/48)
 h - a wand of digging (8/24)
 q - a wand of flame (17/48)
 s - a wand of slowing (38/48)
 u - a wand of lightning (4/15)
 I - a wand of lightning (2/15)
 T - a wand of digging (13/24)
 Y - a wand of iceblast (9/15)
Scrolls
 g - 5 scrolls of remove curse
 v - 4 scrolls of amnesia
 M - a scroll of recharging
 P - 4 scrolls of enchant armour
Potions
 i - 6 potions of curing
 k - 4 potions of cure mutation
 x - a potion of lignification
 z - 2 potions of flight
 N - 5 potions of brilliance
Books
 B - a book of Maledictions

   Spells                             Type                      Level
   a - Corona                         Hexes                        1
   b - Ensorcelled Hibernation        Hexes/Ice                    2
   c - Confuse                        Hexes                        3
   d - Tukima's Dance                 Hexes                        3
   e - Dazzling Spray                 Conjuration/Hexes            3
Comestibles
 f - 6 bread rations
 l - a beef jerky
 r - 2 slices of pizza
 A - 2 fruits
 D - 2 meat rations


   Skills:
 * Level 11.0 Fighting
 + Level 7.1 Maces & Flails
 * Level 11.3 Armour
 + Level 5.8 Dodging
 * Level 11.3 Shields


You had 11 spell levels left.
You didn't know any spells.

Dungeon Overview and Level Annotations

Branches:
Dungeon (8/15)             Temple (1/1) D:4            Lair (2/6) D:8
  Swamp: Lair:2-4    Shoals: Lair:2-4     Snake: Lair:2-4    Spider: Lair:2-4

Altars:
Ashenzari
Cheibriados
Dithmenos
Elyvilon
Fedhas
Gozag
Hepliaklqana
Kikubaaqudgha
Makhleb
Nemelex Xobeh
Okawaru
Qazlal
Ru
Sif Muna
Trog
Uskayaw
Vehumet
Xom
Yredelemnul
Zin
The Shining One

Shops:
D:4 !   D:7 }

Annotations:
Lair:2 Xiguana's ghost, journeyman DrCK IceCv exclusion: 2 ice statues


Innate Abilities, Weirdness & Mutations

You are resistant to torment.
Your stone body is resilient. (AC +8)
You are immune to poison.
You resist negative energy. (rN+)
You are resistant to electric shocks. (rElec)
You can survive without breathing.
You are immune to petrification.
You are immune to rotting.


Message History

Press: ? - help, Shift-Dir - straight line, f - ice dragon
Aim: an ice dragon (water, haloed, chance to defeat MR: 34%)
The ice dragon easily resists.
Evoking this partially-identified wand wasted a few charges.
The ice dragon breathes frost at you. The blast of cold misses you.
You sock the ice dragon!
Your weapon exudes an aura of protection.
The ice dragon is lightly wounded.
The ice dragon bites you but does no damage.
The ice dragon claws you! You block the ice dragon's attack.
You sock the ice dragon!
The ice dragon is moderately wounded.
You block the ice dragon's attack. The ice dragon claws you!
The ice dragon tramples you but does no damage.
The ice dragon breathes frost at you.
The blast of cold hits the ice dragon.
The ice dragon resists.
The blast of cold hits you!
Ouch! That really hurt!
You die...

..=.=$ "==## ##..#
########≈#.#
≈≈≈≈≈≈≈≈≈≈≈##
≈≈≈≈≈≈≈≈≈≈≈≈##
##≈≈≈≈≈D≈≈≈≈#
#####D#≈≈### ###
########.@#≈≈≈#
#.######....#....##≈##
...#.#...#.#..##.####
.#..#..####.#..##..##
####.### ####..##..##
### ##..#.#.# #
###.##.## ######
######...#..#
.##..####...#.#.##.##


You could see 2 ice dragons.

Vanquished Creatures
  Erica (Lair:2)
  Pikel (D:7)
  2 black mambas (Lair:1)
  Psyche (D:8)
  2 ice devils (Lair:1)
  2 rime drakes (IceCv)
  A komodo dragon (Lair:1)
  A merfolk (D:8)
  2 trolls (D:8)
  2 two-headed ogres (D:8)
  3 blink frogs (Lair:1)
  5 hippogriffs
  6 yaks
  6 wyverns (D:8)
  A hungry ghost (D:7)
  3 water moccasins (Lair:1)
  A porcupine (Lair:1)
  4 orc warriors
  A slave (D:8)
  Duvessa (D:7)
  8 black bears (D:8)
  13 ice beasts
  A necrophage (D:8)
  5 ogres
  3 phantoms
  6 wolves (Lair:1)
  6 centaurs
  3 crocodiles (Lair:1)
  A big kobold (D:8)
  13 bullfrogs
  2 gnoll sergeants (D:8)
  Dowan (D:7)
  5 scorpions
  3 killer bees (D:8)
  A howler monkey (D:7)
  7 electric eels (D:8)
  5 crimson imps
  A quasit (D:5)
  Crazy Yiuf (D:7)
  4 hounds
  A jelly (D:5)
  4 orc priests
  A bullfrog skeleton (D:5)
  Terence (D:3)
  6 gnoll shamans
  8 orc wizards
  Ijyb (D:2)
  5 worker ants
  A howler monkey zombie (D:3)
  A worker ant zombie (D:7)
  17 gnolls
  13 adders
  A howler monkey skeleton (D:7)
  2 oozes (D:1)
  4 adder skeletons
  4 worms
  7 leopard geckos
  33 orcs
  3 ball pythons (D:4)
  5 giant cockroaches
  8 goblins
  9 hobgoblins
  10 kobolds
  2 quokkas
  6 bats
  12 frilled lizards
  A giant cockroach zombie (D:6)
  A quokka skeleton (D:5)
  A quokka zombie (D:5)
  35 rats
  3 plants
341 creatures vanquished.

Vanquished Creatures (others)
  2 slaves (D:8)
  An electric eel (D:8)
  An orc wizard (D:4)
  A fungus (Lair:1)
5 creatures vanquished.

Grand Total: 346 creatures vanquished

Notes
Turn   | Place    | Note
-------+----------+-------------------------------------------
     0 | D:1      | TryAgain the Gargoyle Fighter began the quest for the Orb.
     0 | D:1      | Reached XP level 1. HP: 14/14 MP: 1/1
   121 | D:1      | Reached XP level 2. HP: 17/19 MP: 2/2
   376 | D:1      | Reached XP level 3. HP: 23/23 MP: 3/3
   887 | D:2      | Reached XP level 4. HP: 18/29 MP: 4/4
   910 | D:2      | Reached skill level 1 in Dodging
  1043 | D:2      | Noticed Ijyb
  1093 | D:2      | Killed Ijyb
  1140 | D:2      | Reached XP level 5. HP: 30/33 MP: 5/5
  1686 | D:3      | Reached XP level 6. HP: 34/39 MP: 6/6
  1749 | D:3      | Found a shattered altar of Ashenzari.
  1751 | D:3      | Noticed Terence
  1773 | D:3      | Killed Terence
  2388 | D:4      | Found a staircase to the Ecumenical Temple.
  2406 | D:4      | Reached skill level 5 in Armour
  2675 | D:4      | Reached skill level 5 in Shields
  3057 | D:4      | Reached XP level 7. HP: 44/44 MP: 7/7
  3105 | D:4      | Found Hymmie Iqow's Distillery.
  3329 | Temple   | Entered the Ecumenical Temple
  3373 | Temple   | Became a worshipper of the Shining One
  3471 | D:5      | Entered Level 5 of the Dungeon
  3593 | D:5      | Reached skill level 5 in Fighting
  3755 | D:5      | Reached XP level 8. HP: 43/50 MP: 8/8
  4346 | D:6      | Reached * piety under the Shining One
  5247 | D:7      | Reached XP level 9. HP: 51/56 MP: 9/9
  5369 | D:7      | Found a runed door.
  5395 | D:7      | Noticed Duvessa
  5396 | D:7      | Noticed Dowan
  5410 | D:7      | Killed Duvessa
  5432 | D:7      | Killed Dowan
  5664 | D:7      | Found Wyn Wodwis's Gadget Emporium.
  5727 | D:7      | Reached ** piety under the Shining One
  6044 | D:7      | Noticed Crazy Yiuf
  6052 | D:7      | Killed Crazy Yiuf
  6212 | D:8      | Noticed Pikel
  6231 | D:7      | Killed Pikel
  6231 | D:7      | Reached skill level 5 in Maces & Flails
  6231 | D:7      | Reached XP level 10. HP: 64/64 MP: 10/10
  6307 | D:8      | Noticed Psyche
  6329 | D:8      | HP: 3/64 [Psyche/dagger of distortion (26)]
  6335 | D:8      | Killed Psyche
  6851 | D:8      | Reached *** piety under the Shining One
  7171 | D:8      | Reached XP level 11. HP: 53/71 MP: 11/11
  7235 | D:8      | Reached skill level 5 in Dodging
  7339 | D:8      | Found a deep blue altar of Sif Muna.
  7431 | D:8      | Reached skill level 10 in Armour
  7727 | D:8      | Reached skill level 10 in Shields
  7796 | D:8      | Found a staircase to the Lair.
  7980 | D:8      | Reached skill level 10 in Fighting
  8438 | Lair:1   | Entered Level 1 of the Lair of Beasts
  8825 | Lair:1   | Noticed a five-headed hydra
  8863 | Lair:2   | Noticed Xiguana's ghost (journeyman DrCK)
  8863 | Lair:2   | Reached **** piety under the Shining One
  8883 | Lair:2   | Noticed Erica
  8899 | Lair:2   | Killed Erica
  8975 | Lair:1   | Reached XP level 12. HP: 79/79 MP: 12/12
  9084 | Lair:1   | Found a frozen archway.
  9120 | IceCv    | Entered an ice cave
  9386 | IceCv    | Noticed an ice dragon
  9386 | IceCv    | Noticed an ice dragon
  9399 | IceCv    | Killed from afar by an ice dragon

Skill      XL: |  1  2  3  4  5  6  7  8  9 10 11 12 |
---------------+-------------------------------------+-----
Armour         | 4 5 6 7 8 9 10 11 | 11.3
Dodging        | 1 2 3 4 5 |  5.8
Fighting       | 4 5 6 8 9 10 11 | 11.0
Shields        | 4 5 7 8 9 10 11 | 11.3
Maces & Flails | 3 4 5 6 7 |  7.1

Action                   |  1- 3 |  4- 6 |  7- 9 | 10-12 || total
-------------------------+-------+-------+-------+-------++-------
Melee: Flail             |   115 |   390 |   406 |   524 ||  1435
Evoke: Wand              |       |       |       |    14 ||    14
       Phantom mirror    |       |       |       |     1 ||     1
  Use: Scroll            |       |       |    22 |     7 ||    29
       Potion            |       |       |     3 |     9 ||    12
  Eat: Chunk             |       |     8 |    11 |     8 ||    27
       Meat ration       |       |       |     1 |     1 ||     2
Armor: Scale mail        |    50 |   192 |    51 |       ||   293
       Chain mail        |       |       |   136 |   361 ||   497
Dodge: Dodged            |    33 |   116 |   173 |   290 ||   612
Block: Shield            |    67 |   183 |   252 |   410 ||   912
